[Event "Kragero Resort Title 2024"]
[Site "Kragero"]
[Date "2024.02.24"]
[Round "8.39"]
[White "Tollefsen, Jacob"]
[Black "Platonovs, Nikolajs"]
[Result "0-1"]
[ECO "D45"]
[WhiteElo "1909"]
[BlackElo "1995"]
[Annotator "NA RC"]
[PlyCount "86"]
[EventDate "2024.02.21"]
[EventType "swiss"]
[EventCountry "NOR"]
[SourceTitle "playchess.com"]
[Source "ChessBase"]
[SourceQuality "1"]
[TimeControl "5400+30"]

1. c4 e6 2. Nf3 Nf6 3. Nc3 d5 4. e3 c6 5. b3 Bd6 6. Bb2 O-O 7. Be2 Nbd7 8. d4 b6 9. O-O Bb7 10. Qc2 Qe7 11. Rad1 Rac8 12. Qb1 Rfd8 13. Rfe1 c5 14. cxd5 Nxd5 15. Nxd5 exd5 16. dxc5 bxc5 17. Qf5 g6 18. Qh3 Ne5 19. Nxe5 Bxe5 20. Bxe5 Qxe5 21. Bf3 f5 22. g3 Rd6 23. Qf1 a6 24. Re2 Bc6 25. Qg2 Bb5 26. Ree1 Rcd8 27. h4 c4 28. Rd4 c3 29. Rc1 Rc8 30. Bxd5+ Kg7 31. a4 Bd7 32. Qf3 c2 33. Bc4 Bc6 34. Qf4 Qxf4 35. gxf4 Rxd4 36. exd4 Bxa4 37. Rxc2 Bb5 38. f3 Bxc4 39. Rxc4 Rxc4 40. bxc4 a5 41. c5 Kf6 42. d5 a4 43. d6 Ke6 0-1

[Event "Kragero Resort Title 2024"]
[Site "Kragero"]
[Date "2024.02.24"]
[Round "8.40"]
[White "Hammari, Vinjar"]
[Black "Solbu, Lasse Tveter"]
[Result "1-0"]
[ECO "C40"]
[WhiteElo "1875"]
[BlackElo "1896"]
[Annotator "NA RC"]
[PlyCount "73"]
[EventDate "2024.02.21"]
[EventType "swiss"]
[EventCountry "NOR"]
[SourceTitle "playchess.com"]
[Source "ChessBase"]
[SourceQuality "1"]
[TimeControl "5400+30"]

1. Nf3 f5 2. d3 Nc6 3. e4 e5 4. exf5 d5 5. Qe2 Nf6 6. Nxe5 Nd4 7. Qd1 Qe7 8. f4 Bxf5 9. c3 Bg4 10. Qa4+ Nc6 11. d4 O-O-O 12. Bb5 Nxe5 13. fxe5 Kb8 14. O-O Ne4 15. Nd2 Nxd2 16. Bxd2 c5 17. Be3 c4 18. b3 a6 19. Bxa6 bxa6 20. bxc4 Ka7 21. cxd5 Be2 22. Rf2 Bb5 23. Qb3 Qa3 24. c4 Ba4 25. Rf7+ Rd7 26. Rxd7+ Bxd7 27. d6 Bxd6 28. exd6 Qxd6 29. d5+ Ka8 30. c5 Qe5 31. Rb1 Rb8 32. Qxb8+ Qxb8 33. Rxb8+ Kxb8 34. Bf4+ Kc8 35. c6 Bf5 36. d6 Be4 37. d7+ 1-0

[Event "Kragero Resort Title 2024"]
[Site "Kragero"]
[Date "2024.02.24"]
[Round "8.41"]
[White "Hoiberg, Nina"]
[Black "Roubert, Emile"]
[Result "0-1"]
[ECO "C56"]
[WhiteElo "2133"]
[BlackElo "1989"]
[Annotator "RC"]
[PlyCount "108"]
[EventDate "2024.02.21"]
[EventType "swiss"]
[EventCountry "NOR"]
[SourceTitle "playchess.com"]
[Source "ChessBase"]
[SourceQuality "1"]
[TimeControl "5400+30"]

1. e4 e5 2. Nf3 Nc6 3. d4 exd4 4. Bc4 Nf6 5. e5 d5 6. Bb5 Nd7 7. O-O Be7 8. c3 dxc3 9. Nxc3 Nb6 10. Be3 a6 11. Bxb6 axb5 12. Be3 Be6 13. Nxb5 O-O 14. Nbd4 Nxd4 15. Nxd4 c5 16. Nxe6 fxe6 17. Qb3 Qd7 18. a3 b5 19. Rad1 d4 20. Bc1 c4 21. Qg3 Rad8 22. Bg5 Bxg5 23. Qxg5 Rf5 24. Qg3 d3 25. Qe3 Qd4 26. Qd2 Rxe5 27. Rde1 Rdd5 28. Re3 Re4 29. Rxe4 Qxe4 30. Re1 Qf5 31. h3 h6 32. f3 Re5 33. Rxe5 Qxe5 34. Kf1 Qd4 35. f4 Kh7 36. Qf2 Qe4 37. Qd2 Kg6 38. Kf2 Qd4+ 39. Kf3 Kf6 40. g4 e5 41. fxe5+ Qxe5 42. Qb4 Qe2+ 43. Kg3 Qe3+ 44. Kg2 Qe4+ 45. Kg3 Qd5 46. Qd2 Ke6 47. Kf2 Qd4+ 48. Kf3 Kd5 49. Qa5 d2 50. Qxb5+ Kd6 51. Qb8+ Ke7 52. Qc7+ Kf6 53. Qc6+ Kf7 54. Qc7+ Kg6 0-1

[Event "Kragero Resort Title 2024"]
[Site "Kragero"]
[Date "2024.02.25"]
[Round "9.25"]
[White "Westrum, Kim Roger Hansen"]
[Black "Vasilijevic, Vili"]
[Result "1/2-1/2"]
[ECO "B52"]
[WhiteElo "2226"]
[BlackElo "1881"]
[Annotator "RC"]
[PlyCount "48"]
[EventDate "2024.02.21"]
[EventType "swiss"]
[EventCountry "NOR"]
[SourceTitle "playchess.com"]
[Source "ChessBase"]
[SourceQuality "1"]
[TimeControl "5400+30"]

1. e4 c5 2. Nf3 d6 3. Bb5+ Bd7 4. Bxd7+ Qxd7 5. O-O Nc6 6. c3 Nf6 7. Re1 g6 8. d4 cxd4 9. cxd4 Bg7 10. d5 Ne5 11. Nxe5 dxe5 12. Nc3 O-O 13. Qb3 Rfc8 14. a4 Ne8 15. a5 Nd6 16. Ra4 f5 17. exf5 gxf5 18. Bd2 b5 19. axb6 axb6 20. Rea1 Rxa4 21. Rxa4 b5 22. Ra1 Nc4 23. Bc1 e4 24. Qxb5 Qxb5 1/2-1/2

[Event "Kragero Resort Title 2024"]
[Site "Kragero"]
[Date "2024.02.25"]
[Round "9.26"]
[White "Moen, Ole Christian"]
[Black "Lilliehook, Victor"]
[Result "1/2-1/2"]
[ECO "C78"]
[WhiteElo "2208"]
[BlackElo "2042"]
[Annotator "RC"]
[PlyCount "77"]
[EventDate "2024.02.21"]
[EventType "swiss"]
[EventCountry "NOR"]
[SourceTitle "playchess.com"]
[Source "ChessBase"]
[SourceQuality "1"]
[TimeControl "5400+30"]

1. e4 e5 2. Nf3 Nc6 3. Bb5 a6 4. Ba4 Nf6 5. O-O b5 6. Bb3 Bc5 7. d3 d6 8. Be3 Bxe3 9. fxe3 Be6 10. Nc3 O-O 11. Qe1 Bxb3 12. axb3 d5 13. Qg3 dxe4 14. dxe4 b4 15. Rad1 Qb8 16. Nh4 Nh5 17. Qg5 bxc3 18. Qxh5 cxb2 19. Nf5 b1=Q 20. Qg5 g6 21. Nh6+ Kg7 22. Qf6+ Kxh6 23. Rxb1 Qd8 24. Qxc6 Qd6 25. Qc4 f6 26. Rbd1 Qb6 27. Rf3 Rad8 28. Rxd8 Rxd8 29. Qf7 Qb4 30. Qxf6 Qe1+ 31. Rf1 Qxe3+ 32. Kh1 Qg5 33. h3 Qxf6 34. Rxf6 Rd6 35. Rf7 Rc6 36. c4 Rb6 37. Rxc7 Rxb3 38. Rc5 Rc3 39. Rxe5 1/2-1/2

[Event "Kragero Resort Title 2024"]
[Site "Kragero"]
[Date "2024.02.25"]
[Round "9.27"]
[White "Berzina, Ilze"]
[Black "Ji, Jiahao Eric"]
[Result "1/2-1/2"]
[ECO "C00"]
[WhiteElo "2161"]
[BlackElo "1971"]
[Annotator "ChessBase"]
[PlyCount "139"]
[EventDate "2024.02.21"]
[EventType "swiss"]
[EventCountry "NOR"]
[SourceTitle "playchess.com"]
[Source "ChessBase"]
[SourceQuality "1"]
[TimeControl "5400+30"]

1. e4 e6 2. Qe2 c5 3. Nf3 Nc6 4. g3 Nf6 5. Bg2 Be7 6. e5 Nd5 7. O-O O-O 8. d3 d6 9. exd6 Qxd6 10. Nbd2 Qc7 11. Nc4 b6 12. Re1 Bb7 13. c3 Rac8 14. Nce5 Nf6 15. Nc4 Nd5 16. a4 h6 17. Nfd2 Nf6 18. Ne4 Nxe4 19. Bxe4 Rcd8 20. Bf4 Qc8 21. Rad1 Nb8 22. Ne5 Nd7 23. Ng4 Nf6 24. Bxb7 Qxb7 25. Be5 Nxg4 26. Qxg4 g6 27. d4 cxd4 28. Bxd4 Kh7 29. b4 Rd5 30. Qe4 Qc8 31. Rd3 Qc4 32. Rdd1 Rfd8 33. Qf3 Rf5 34. Qb7 Bxb4 35. g4 Rf4 36. Be5 Rxd1 37. Rxd1 Qe2 38. Bxf4 Qxd1+ 39. Kg2 Qxg4+ 40. Bg3 Bxc3 41. Qxf7+ Bg7 42. Qxa7 Qd4 43. Bc7 Qg4+ 44. Kf1 Qd1+ 45. Kg2 Qg4+ 46. Kf1 Qd1+ 47. Kg2 Qd5+ 48. Kg1 b5 49. axb5 Qxb5 50. Kg2 Qd5+ 51. Kg1 e5 52. Bb6 e4 53. Be3 Qd1+ 54. Kg2 Qg4+ 55. Kf1 Qd1+ 56. Kg2 Qd6 57. Qf7 Qe5 58. Qd7 Qf6 59. Kg1 Qf5 60. Qe7 g5 61. Kf1 Qe5 62. Qf7 Qa1+ 63. Kg2 Qf6 64. Qxf6 Bxf6 65. f3 exf3+ 66. Kxf3 Kg6 67. h3 Kf5 68. Kg2 Ke4 69. Bc5 Bg7 70. Bb4 1/2-1/2

[Event "Kragero Resort Title 2024"]
[Site "Kragero"]
[Date "2024.02.25"]
[Round "9.29"]
[White "Torosyan, Volodya"]
[Black "Hjort, Jens L"]
[Result "1-0"]
[ECO "B42"]
[WhiteElo "1889"]
[BlackElo "2111"]
[Annotator "NA RC"]
[PlyCount "58"]
[EventDate "2024.02.21"]
[EventType "swiss"]
[EventCountry "NOR"]
[SourceTitle "playchess.com"]
[Source "ChessBase"]
[SourceQuality "1"]
[TimeControl "5400+30"]

1. e4 c5 2. Nf3 e6 3. d4 cxd4 4. Nxd4 a6 5. Bd3 Qc7 6. O-O Nf6 7. Qe2 d6 8. c4 Nbd7 9. Nc3 Ne5 10. f4 Qb6 11. Be3 Nxd3 12. Qxd3 Ng4 13. f5 Nxe3 14. Qxe3 Be7 15. fxe6 fxe6 16. Na4 Qa7 17. e5 dxe5 18. Qxe5 Bd7 19. c5 Bf6 20. Qe4 e5 21. Nb6 Rd8 22. Nf3 Bc6 23. Qc4 Bxf3 24. Qe6+ Be7 25. Rxf3 Rf8 26. Re1 Rxf3 27. gxf3 Kf8 28. Rxe5 Rd1+ 29. Kg2 Rd2+ 1-0

[Event "Kragero Resort Title 2024"]
[Site "Kragero"]
[Date "2024.02.25"]
[Round "9.30"]
[White "Hestholm, Gustav"]
[Black "Adamovics, Aleksejs"]
[Result "*"]
[ECO "B30"]
[WhiteElo "1942"]
[BlackElo "2100"]
[Annotator "NA"]
[PlyCount "96"]
[EventDate "2024.02.21"]
[EventType "swiss"]
[EventCountry "NOR"]
[SourceTitle "playchess.com"]
[Source "ChessBase"]
[SourceQuality "1"]
[TimeControl "5400+30"]

1. e4 c5 2. Nf3 Nc6 3. Bb5 e6 4. O-O Nge7 5. Re1 a6 6. Bf1 d5 7. exd5 Nxd5 8. d4 Nf6 9. Be3 Be7 10. c4 O-O 11. Nc3 cxd4 12. Nxd4 Ne5 13. h3 Ng6 14. Qc2 Qc7 15. a3 e5 16. Nf5 Be6 17. Nxe7+ Nxe7 18. Bg5 Ng6 19. Rad1 Nh5 20. Nd5 Bxd5 21. Rxd5 f6 22. Be3 Nhf4 23. Rd2 Rad8 24. Red1 Rxd2 25. Qxd2 Ne6 26. Qd6 Qc8 27. Bb6 Re8 28. c5 Nd4 29. Bc4+ Kh8 30. b4 Qf5 31. Bf7 Ra8 32. Qd5 Nh4 33. Qxb7 Rf8 34. Bd5 Ne2+ 35. Kf1 Nc3 36. Qe7 Ng6 37. Qe6 Qxe6 38. Bxe6 Nxd1 39. c6 Nc3 40. c7 Ne7 41. Bc5 Rc8 42. Bxe7 Rxc7 43. Bd8 Rb7 44. Bb3 Nb5 45. a4 Nd4 46. Bd1 Rxb4 47. Ke1 Rb2 48. a5 Kg8 *

[Event "Kragero Resort Title 2024"]
[Site "Kragero"]
[Date "2024.02.25"]
[Round "9.31"]
[White "Austad, Eirik Strom"]
[Black "Tashkinova, Sofiia"]
[Result "0-1"]
[ECO "A09"]
[WhiteElo "2095"]
[BlackElo "2016"]
[Annotator "NA RC"]
[PlyCount "82"]
[EventDate "2024.02.21"]
[EventType "swiss"]
[EventCountry "NOR"]
[SourceTitle "playchess.com"]
[Source "ChessBase"]
[SourceQuality "1"]
[TimeControl "5400+30"]

1. Nf3 d5 2. e3 Bg4 3. c4 Bxf3 4. Qxf3 e6 5. Nc3 c6 6. d4 Nf6 7. Bd2 Be7 8. Rc1 Nbd7 9. cxd5 exd5 10. Bd3 Nf8 11. Qg3 Ne6 12. Bf5 Bd6 13. Qf3 Ng5 14. Qe2 Qe7 15. f3 Ne6 16. O-O h5 17. Bxe6 fxe6 18. e4 e5 19. dxe5 Bxe5 20. exd5 Bd4+ 21. Kh1 Nxd5 22. Qd3 Bxc3 23. Rfe1 Be5 24. Qg6+ Kd7 25. f4 Qf6 26. Qd3 Bd6 27. b4 Nxf4 28. Qc4 Rae8 29. Rf1 Rhf8 30. b5 c5 31. Qa4 Qd4 32. Qxa7 Qxd2 33. Qxb7+ Ke6 34. Qxg7 Qxg2+ 35. Qxg2 Nxg2 36. Rxf8 Rxf8 37. Kxg2 Ra8 38. Rc2 Ra5 39. Rb2 Be5 40. Rc2 Rxb5 41. Kh3 Rb2 0-1

[Event "Kragero Resort Title 2024"]
[Site "Kragero"]
[Date "2024.02.25"]
[Round "9.32"]
[White "Olde, Margareth"]
[Black "Hammari, Vinjar"]
[Result "1-0"]
[ECO "D31"]
[WhiteElo "2179"]
[BlackElo "1875"]
[Annotator "ChessBase"]
[PlyCount "129"]
[EventDate "2024.02.21"]
[EventType "swiss"]
[EventCountry "NOR"]
[SourceTitle "playchess.com"]
[Source "ChessBase"]
[SourceQuality "1"]
[TimeControl "5400+30"]

1. d4 d5 2. Nf3 e6 3. c4 a6 4. cxd5 exd5 5. Nc3 h6 6. Qc2 Nf6 7. Bf4 Bd6 8. Bxd6 Qxd6 9. g3 Nc6 10. Bg2 O-O 11. O-O Ne7 12. Rac1 Bf5 13. Qb3 Rab8 14. a4 c6 15. Rfe1 Qd8 16. h3 Ne4 17. Ne5 Nd6 18. Rcd1 Ng6 19. g4 Nf4 20. Bf1 Bh7 21. e3 Ne6 22. Bg2 Kh8 23. e4 dxe4 24. Nxe4 Bxe4 25. Bxe4 Nxe4 26. Rxe4 Ng5 27. Rf4 Qc7 28. Re1 Kg8 29. h4 Ne6 30. Rxf7 Rxf7 31. Qxe6 Qe7 32. Qxf7+ Qxf7 33. Nxf7 Kxf7 34. Kg2 Rd8 35. Re4 Rd5 36. Kf3 b5 37. axb5 Rxb5 38. Re2 Rb4 39. Ke3 c5 40. dxc5 Rc4 41. Rd2 Rxc5 42. Rd7+ Kg8 43. Kd3 Rc1 44. Ra7 Rb1 45. Kc3 Rf1 46. Rxa6 Rxf2 47. h5 Rf3+ 48. Kc2 Rf2+ 49. Kb1 Kf8 50. Rg6 Rf7 51. g5 hxg5 52. Rxg5 Ke8 53. Kc2 Rf2+ 54. Kc3 Rh2 55. b4 Kd8 56. Kc4 Rh4+ 57. Kc5 Kc8 58. b5 Rh1 59. Kc6 Rc1+ 60. Kd6 Kb7 61. Rxg7+ Kb8 62. h6 Rh1 63. h7 Rh6+ 64. Kc5 Rh5+ 65. Kb4 1-0

[Event "Kragero Resort Title 2024"]
[Site "Kragero"]
[Date "2024.02.25"]
[Round "9.33"]
[White "Ramirez Ruacho, Juan Manuel"]
[Black "Pedersen, Max Moe"]
[Result "1-0"]
[ECO "E12"]
[WhiteElo "2117"]
[BlackElo "2027"]
[Annotator "NA"]
[PlyCount "75"]
[EventDate "2024.02.21"]
[EventType "swiss"]
[EventCountry "NOR"]
[SourceTitle "playchess.com"]
[Source "ChessBase"]
[SourceQuality "1"]
[TimeControl "5400+30"]

1. d4 Nf6 2. c4 e6 3. Nf3 b6 4. a3 Bb7 5. Nc3 d5 6. Bg5 Be7 7. cxd5 Nxd5 8. Bxe7 Qxe7 9. e3 O-O 10. Bd3 Nd7 11. O-O c5 12. Nxd5 Bxd5 13. Rc1 Bb7 14. Qa4 e5 15. Bb5 Bxf3 16. gxf3 Rad8 17. Bxd7 Rxd7 18. dxc5 bxc5 19. Rxc5 Rd6 20. Rc6 Rd2 21. Rc2 Rfd8 22. Rfc1 Rxc2 23. Qxc2 h5 24. Rd1 Rb8 25. b4 Rb6 26. Qc8+ Kh7 27. Qf5+ g6 28. Rd7 gxf5 29. Rxe7 Ra6 30. Rxe5 Kg6 31. Ra5 Rxa5 32. bxa5 f4 33. Kg2 Kf5 34. Kh3 Kg5 35. exf4+ Kxf4 36. Kh4 f5 37. Kxh5 Kxf3 38. Kg5 1-0

[Event "Kragero Resort Title 2024"]
[Site "Kragero"]
[Date "2024.02.25"]
[Round "9.34"]
[White "Bazilius, Augustinas"]
[Black "Brodtkorb, Lars Johan"]
[Result "1/2-1/2"]
[ECO "D78"]
[WhiteElo "2030"]
[BlackElo "2088"]
[Annotator "NA"]
[PlyCount "109"]
[EventDate "2024.02.21"]
[EventType "swiss"]
[EventCountry "NOR"]
[SourceTitle "playchess.com"]
[Source "ChessBase"]
[SourceQuality "1"]
[TimeControl "5400+30"]

1. Nf3 Nf6 2. c4 c6 3. g3 d5 4. Bg2 g6 5. b3 Bg7 6. Bb2 O-O 7. O-O Bf5 8. d4 Nbd7 9. Nc3 Ne4 10. Nh4 Nxc3 11. Bxc3 Be6 12. cxd5 cxd5 13. Qd3 Nf6 14. Rfd1 Qd6 15. f3 a5 16. Kh1 Bh6 17. Bd2 Bxd2 18. Qxd2 Qb4 19. e4 Qxd2 20. Rxd2 Rfc8 21. e5 Nd7 22. Bf1 Nb8 23. Ng2 Bd7 24. Nf4 e6 25. Rb1 Nc6 26. a3 Rc7 27. Rc1 Rcc8 28. Rb1 Kf8 29. Kg2 Ke7 30. Kf2 Na7 31. Rbb2 Bb5 32. Bxb5 Nxb5 33. a4 Na7 34. b4 Nc6 35. bxa5 Nxa5 36. Rb4 Rc4 37. Rdb2 Rac8 38. Ne2 Rxb4 39. Rxb4 Rc4 40. Rxc4 Nxc4 41. Nc3 Kd7 42. Nb5 Kc6 43. f4 Kb6 44. g4 Ka5 45. Nd6 Nxd6 46. exd6 Kb6 47. g5 Kc6 48. Ke2 Kxd6 49. Kd3 Kc6 50. Kc3 Kb6 51. Kb4 Ka6 52. a5 b6 53. axb6 Kxb6 54. Ka4 Ka6 55. Kb4 1/2-1/2

[Event "Kragero Resort Title 2024"]
[Site "Kragero"]
[Date "2024.02.25"]
[Round "9.35"]
[White "De Seroux, Camille"]
[Black "Skramstad, Oda Kofoed"]
[Result "1-0"]
[ECO "C48"]
[WhiteElo "2085"]
[BlackElo "1780"]
[Annotator "NA"]
[PlyCount "89"]
[EventDate "2024.02.21"]
[EventType "swiss"]
[EventCountry "NOR"]
[SourceTitle "playchess.com"]
[Source "ChessBase"]
[SourceQuality "1"]
[TimeControl "5400+30"]

1. e4 e5 2. Nf3 Nc6 3. Nc3 Nf6 4. Bb5 a6 5. Bxc6 dxc6 6. d3 Bd6 7. h3 h6 8. O-O O-O 9. Ne2 Re8 10. Ng3 Be6 11. b3 Nd7 12. Bb2 Qf6 13. Nh2 Qg6 14. Qf3 Nf6 15. Rfe1 Nh7 16. Kh1 Ng5 17. Qe3 Bd7 18. Nf3 Nxf3 19. Qxf3 Rad8 20. Re2 Re6 21. Qe3 b6 22. Nf5 Rde8 23. Qd2 Rf6 24. g4 Qh7 25. f4 Rfe6 26. Rg1 Rg6 27. Nh4 Rf6 28. f5 c5 29. Reg2 Kh8 30. Bc1 c4 31. bxc4 Bc5 32. Re1 Bc6 33. Qe2 g6 34. g5 hxg5 35. Bxg5 Rd6 36. Kh2 Kg8 37. Rf1 Bd7 38. Qf3 Rc6 39. fxg6 fxg6 40. Bf6 Ree6 41. Rxg6+ Qxg6 42. Nxg6 Rxf6 43. Qxf6 Rxf6 44. Rxf6 Kg7 45. Nxe5 1-0

[Event "Kragero Resort Title 2024"]
[Site "Kragero"]
[Date "2024.02.25"]
[Round "9.36"]
[White "Platonovs, Nikolajs"]
[Black "Verbin, Valentina"]
[Result "1-0"]
[ECO "B42"]
[WhiteElo "1995"]
[BlackElo "2063"]
[Annotator "NA"]
[PlyCount "121"]
[EventDate "2024.02.21"]
[EventType "swiss"]
[EventCountry "NOR"]
[SourceTitle "playchess.com"]
[Source "ChessBase"]
[SourceQuality "1"]
[TimeControl "5400+30"]

1. e4 c5 2. Nf3 e6 3. d4 cxd4 4. Nxd4 a6 5. Nc3 Qc7 6. Bd3 Nf6 7. Qe2 d6 8. O-O b5 9. a4 b4 10. Na2 d5 11. e5 Nfd7 12. Re1 Qb6 13. Nf3 Nc6 14. Bd2 Bc5 15. Nc1 Nd4 16. Nxd4 Bxd4 17. Be3 Bxe3 18. Qxe3 Qxe3 19. Rxe3 Nc5 20. Bf1 a5 21. Ne2 Ba6 22. Nd4 Bxf1 23. Kxf1 Ke7 24. Ke2 Rhc8 25. f3 Nd7 26. Rd1 Nb6 27. b3 Nd7 28. Kd2 Nb8 29. Nb5 Nc6 30. Rc1 f6 31. exf6+ gxf6 32. c4 bxc3+ 33. Rexc3 Kd7 34. f4 Ra6 35. f5 e5 36. Rc5 Ne7 37. Rxc8 Nxc8 38. Rc7+ Kd8 39. Rxh7 Nd6 40. Nc7 Rb6 41. Nxd5 Rxb3 42. Rh8+ Kd7 43. Nxf6+ Kc6 44. g4 Rb4 45. h4 Rxa4 46. h5 Ra2+ 47. Kd3 Ra3+ 48. Kc2 Rh3 49. Ra8 Rh2+ 50. Kb3 Nb7 51. Ne4 Rh3+ 52. Kc4 Re3 53. Ra6+ Kc7 54. Kd5 Nd8 55. Kxe5 Nc6+ 56. Kf4 Rh3 57. f6 Kb7 58. Rxc6 Kxc6 59. f7 Rh1 60. Nf2 Rf1 61. Kf3 1-0

[Event "Kragero Resort Title 2024"]
[Site "Kragero"]
[Date "2024.02.25"]
[Round "9.37"]
[White "Gasland, Lukas Dominik"]
[Black "Christensen, Jan Schleicher"]
[Result "1-0"]
[ECO "C63"]
[WhiteElo "1866"]
[BlackElo "2182"]
[Annotator "RC"]
[PlyCount "55"]
[EventDate "2024.02.21"]
[EventType "swiss"]
[EventCountry "NOR"]
[SourceTitle "playchess.com"]
[Source "ChessBase"]
[SourceQuality "1"]
[TimeControl "5400+30"]

1. e4 e5 2. Nf3 Nc6 3. Bb5 f5 4. d3 fxe4 5. dxe4 Nf6 6. Nc3 Bb4 7. O-O Bxc3 8. bxc3 d6 9. Qd3 Qe7 10. Rb1 Bg4 11. h3 Bd7 12. Ba4 Nd8 13. Bb3 Bc6 14. Re1 Ne6 15. Bd5 O-O 16. Qc4 Bxd5 17. exd5 Nd8 18. Ba3 Qf7 19. Nxe5 Qxd5 20. Qxd5+ Nxd5 21. Nd7 Nxc3 22. Rb3 Nd5 23. Nxf8 Kxf8 24. c4 Nb6 25. c5 Nc4 26. cxd6 cxd6 27. Re4 Nxa3 28. Rf3+ 1-0

[Event "Kragero Resort Title 2024"]
[Site "Kragero"]
[Date "2024.02.25"]
[Round "9.38"]
[White "Elsness, Fredrik Valstad"]
[Black "Vingris, Mikelis"]
[Result "0-1"]
[ECO "B90"]
[WhiteElo "1783"]
[BlackElo "2256"]
[Annotator "RC"]
[PlyCount "145"]
[EventDate "2024.02.21"]
[EventType "swiss"]
[EventCountry "NOR"]
[SourceTitle "playchess.com"]
[Source "ChessBase"]
[SourceQuality "1"]
[TimeControl "5400+30"]

1. e4 c5 2. Nf3 d6 3. d4 cxd4 4. Nxd4 Nf6 5. Nc3 a6 6. h3 e5 7. Nf3 Be7 8. g4 h6 9. Rg1 b5 10. g5 hxg5 11. Nxg5 Bb7 12. a4 b4 13. Nd5 Nxd5 14. exd5 Nd7 15. Be3 Nf6 16. Bc4 Qa5 17. Qd3 Rh4 18. Nxf7 e4 19. Nxd6+ Bxd6 20. Qd4 Kf7 21. Bg5 Rh7 22. O-O-O Re8 23. Bxf6 gxf6 24. Rg4 f5 25. Rg2 Qd8 26. Rdg1 Qf6 27. Qa7 Re7 28. Kb1 Rh8 29. Qb6 Rd7 30. Qe3 Rf8 31. f3 Rc7 32. Bb3 Qe5 33. Qg5 Ke8 34. Re2 Re7 35. Rge1 Qf6 36. Qh5+ Qf7 37. Qh6 Kd7 38. fxe4 Rfe8 39. e5 Rxe5 40. Rxe5 Rxe5 41. Rxe5 Bxe5 42. Qb6 Bxd5 43. Qa7+ Bc7 44. Qd4 Kc6 45. Qxb4 Bxb3 46. cxb3 Qd5 47. Qc3+ Kb7 48. Qb4+ Ka7 49. Ka2 f4 50. Qe7 Qc6 51. Qf7 f3 52. h4 Kb6 53. h5 Be5 54. h6 Qf6 55. Qc4 f2 56. a5+ Kb7 57. h7 f1=Q 58. h8=Q Qxc4 59. Qxf6 Qxb3+ 60. Kxb3 Bxf6 61. Ka3 Kc6 62. b4 Kb5 63. Kb3 Be7 64. Ka3 Bxb4+ 65. Kb3 Kxa5 66. Kb2 Kb5 67. Kb3 a5 68. Kb2 Be7 69. Kb3 a4+ 70. Kb2 Kb4 71. Ka2 a3 72. Kb1 Kb3 73. Ka1 0-1

[Event "Kragero Resort Title 2024"]
[Site "Kragero"]
[Date "2024.02.25"]
[Round "9.39"]
[White "Roubert, Emile"]
[Black "Berget, Eirik"]
[Result "0-1"]
[ECO "C10"]
[WhiteElo "1989"]
[BlackElo "1960"]
[Annotator "NA RC"]
[PlyCount "54"]
[EventDate "2024.02.21"]
[EventType "swiss"]
[EventCountry "NOR"]
[SourceTitle "playchess.com"]
[Source "ChessBase"]
[SourceQuality "1"]
[TimeControl "5400+30"]

1. e4 e6 2. d4 d5 3. Nc3 c5 4. exd5 exd5 5. Nf3 Nf6 6. Bb5+ Nc6 7. Ne5 Bd7 8. Nxd7 Qxd7 9. O-O cxd4 10. Bxc6 bxc6 11. Qxd4 Be7 12. Bf4 O-O 13. Rfe1 Rfe8 14. Rad1 Qf5 15. Re2 Bf8 16. Bg3 Rxe2 17. Nxe2 Qxc2 18. Kf1 Re8 19. Qd2 Qc4 20. b3 Qa6 21. a4 Ne4 22. Qd3 Qb6 23. Nd4 Bc5 24. a5 Qxa5 25. Nxc6 Qa2 26. Nd4 Bxd4 27. Qxd4 Nc3 0-1

[Event "Kragero Resort Title 2024"]
[Site "Kragero"]
[Date "2024.02.25"]
[Round "9.40"]
[White "Abramov, Artem"]
[Black "Tollefsen, Jacob"]
[Result "0-1"]
[ECO "B15"]
[WhiteElo "1931"]
[BlackElo "1909"]
[Annotator "NA"]
[PlyCount "76"]
[EventDate "2024.02.21"]
[EventType "swiss"]
[EventCountry "NOR"]
[SourceTitle "playchess.com"]
[Source "ChessBase"]
[SourceQuality "1"]
[TimeControl "5400+30"]

1. e4 c6 2. d4 d5 3. Nc3 dxe4 4. Nxe4 Nf6 5. Nxf6+ exf6 6. c3 Bd6 7. Bd3 O-O 8. Qc2 h6 9. Ne2 Qc7 10. Be3 Be6 11. c4 a5 12. a3 Re8 13. h3 Nd7 14. O-O Rad8 15. Rab1 Nf8 16. b4 axb4 17. axb4 Ra8 18. c5 Be7 19. Bf4 Qd7 20. Ra1 f5 21. Ra4 Ng6 22. Bh2 Bf6 23. Bd6 Be7 24. Bxe7 Nxe7 25. Rfa1 Rxa4 26. Rxa4 Nd5 27. Qb2 f4 28. Ra1 f3 29. gxf3 Bxh3 30. Qd2 Bf5 31. Kf1 Bxd3 32. Qxd3 Qh3+ 33. Kg1 g6 34. b5 Re7 35. bxc6 bxc6 36. Rb1 Kg7 37. Ra1 h5 38. Rd1 h4 0-1

[Event "Kragero Resort Title 2024"]
[Site "Kragero"]
[Date "2024.02.25"]
[Round "9.41"]
[White "Valvag, Torbjorn"]
[Black "Hoiberg, Nina"]
[Result "1/2-1/2"]
[ECO "A41"]
[WhiteElo "1951"]
[BlackElo "2133"]
[Annotator "NA"]
[PlyCount "92"]
[EventDate "2024.02.21"]
[EventType "swiss"]
[EventCountry "NOR"]
[SourceTitle "playchess.com"]
[Source "ChessBase"]
[SourceQuality "1"]
[TimeControl "5400+30"]

1. d4 d6 2. Nf3 Bg4 3. e4 Nd7 4. Nc3 e5 5. h3 Bxf3 6. gxf3 g6 7. Be3 Bg7 8. Be2 Ne7 9. f4 Nc6 10. dxe5 dxe5 11. fxe5 Ndxe5 12. Qxd8+ Rxd8 13. f4 Nd7 14. O-O-O O-O 15. Nd5 Nf6 16. Nxf6+ Bxf6 17. e5 Be7 18. Bf3 a6 19. c3 Rxd1+ 20. Rxd1 Rd8 21. Bxc6 Rxd1+ 22. Kxd1 bxc6 23. Kc2 f5 24. Kb3 Kf7 25. Ka4 Ke6 26. Ka5 g5 27. fxg5 Kxe5 28. Kxa6 Ke4 29. Bg1 Bxg5 30. a4 Be3 31. Bh2 Bc1 32. a5 Bxb2 33. Kb7 Bxc3 34. a6 Bd4 35. Bxc7 f4 36. Bb6 Bxb6 37. Kxb6 f3 38. a7 f2 39. a8=Q f1=Q 40. Qxc6+ Ke5 41. Qe8+ Kd6 42. Qb8+ Ke6 43. Qe8+ Kd6 44. Qd8+ Ke6 45. Qc8+ Kd6 46. Qc7+ Ke6 1/2-1/2